 Dungeon Crawl Stone Soup version 0.28.0-45-g0d030f2227 (webtiles) character file.

Game seed: 3190199940042967149

105 zeratav the Insei (level 4, -2/29 HPs)
             Began as an Octopode Transmuter on Apr 9, 2022.
             Slain by a gnoll
             ... wielding a +0 whip
              (6 damage)
             ... on level 3 of the Dungeon.
             The game lasted 00:02:14 (2270 turns).

zeratav the Insei (Octopode Transmuter)             Turns: 2270, Time: 00:02:15

Health: -2/29      AC:  1    Str:  9    XL:     4   Next: 81%
Magic:  7/7        EV: 13    Int: 15    God:
Gold:   85         SH:  0    Dex: 14    Spells: 6/7 levels left

rFire   . . .      SeeInvis .   f - +2 whip (drain) {mace}
rCold   . . .      Faith    .   (no shield)
rNeg    . . .      Spirit   .   (helmet restricted)
rPois   +          Reflect  .   c - amulet of magic regeneration {@e2}
rElec   .          Harm     .   d - ring of poison resistance
rCorr   .          Rampage  .   (no ring)
Will    .....                   (no ring)
Stlth   +++.......              (no ring)
HPRegen 0.09/turn               (no ring)
MPRegen 0.50/turn               (no ring)
                                (no ring)
                                (no ring)

@: no status effects
A: almost no armour, amphibious, 8 rings, camouflage 1, gelatinous body 1,
(nimble swimmer 1), tentacles
a: no special abilities


You were on level 3 of the Dungeon.
You visited 1 branch of the dungeon, and saw 3 of its levels.

You collected 85 gold pieces.


Innate Abilities, Weirdness & Mutations

You cannot wear most types of armour.
You are amphibious.
You can wear up to eight rings at the same time.
Your skin changes colour to match your surroundings (Stealth+).
Your rubbery body absorbs attacks. (AC +1, EV +1)
((You are camouflaged when in or above water. (Stealth+)))
You have tentacles for arms and can constrict up to eight enemies at once.


   Skills:
 + Level 2.1 Fighting
 + Level 2.7 Dodging
 + Level 2.6 Stealth
 * Level 4.1 Unarmed Combat
 - Level 2.0 Spellcasting
 - Level 2.0 Transmutations


You had 6 spell levels left.
You knew the following spells:

 Your Spells              Type           Power      Damage    Failure   Level
a - Beastly Appendage     Tmut           14%        N/A       10%         1

Your spell library contained the following spells:

 Spells                   Type           Power      Damage    Failure   Level
 Wereblood                Tmut           7%         N/A       14%         2
 Spider Form              Tmut/Pois      4%         N/A       41%         3
 Call Canine Familiar     Summ           1%         N/A       54%         3
 Gell's Gravitas          Tloc           1%         N/A       54%         3
 Lesser Beckoning         Tloc           1%         N/A       54%         3
 Portal Projectile        Hex/Tloc       2%         N/A       54%         3
 Teleport Other           Tloc           1%         N/A       54%         3
 Ice Form                 Ice/Tmut       4%         N/A       82%         4
 Leda's Liquefaction      Hex/Erth       0%         N/A       91%         4

Inventory:

Hand Weapons
 f - a +2 whip of draining (weapon) {mace}
   (You took it off a kobold on level 2 of the Dungeon)
Jewellery
 c - an amulet of magic regeneration (around mantle) {@e2}
   (You found it on level 1 of the Dungeon)
 d - a ring of poison resistance (left tentacle)
   (You found it on level 1 of the Dungeon)
Scrolls
 b - a scroll of teleportation {unknown}
 e - a scroll of immolation {unknown}
 h - a scroll of identify {unknown}
Potions
 a - 2 potions of lignification {unknown}
 g - 2 potions of curing {unknown}
 i - a potion of attraction {unknown}
 j - a potion of brilliance {unknown}

Dungeon Overview and Level Annotations

Branches:
Dungeon (3/15)

Altars:

#..o.....$..#
.#...........#
.............#
..o..........#
..o..........#
.............#
.....##'######
....
#.#############
...
#.)g@.........#
#############.#
#.# #.# #.# #.#
#.#######
#........
#########


You could see a gnoll.


Message History

You take 1 damage, and now have 25/28 hp.
You hit the goblin.
You kill the goblin!
Your life force feels restored.
Your Fighting skill increases to level 2!
You now have 29 max hp (+1).
No target in view!
No target in view!
No target in view!
No target in view!
No target in view!
No target in view!
No target in view!
No target in view!
No target in view!
No target in view!
No target in view!
Your tentacle spike disappears.
Things that are here:
a +0 dagger {short}; a goblin corpse; HP[+4]
Your hp is fully restored (29).
Done exploring.
Done exploring.
(D) Dungeon
Where to? (Enter - D:2, ? - help)
There is a stone staircase leading down here.
You climb downwards.
There is a stone staircase leading up here.
You open the door.
Found a stone staircase leading down.
There is an open door here.
a - 2 red potions (gained 1)
You pick up a book of the Hunter and begin reading...
You add the spells Call Canine Familiar, Portal Projectile and Leda's Liquefaction to your library.
A gnoll comes into view. It is wielding a +0 spear.
An orc wizard comes into view. It is wielding a +0 dagger.
The gnoll shouts!
An orc comes into view.
It is wielding a +0 club. 2 orcs come into view.
The orc shouts!
You hear a shout! x2
There is an open door here.
One of your tentacles grows a vicious spike.
The gnoll hits you from afar with a +0 spear.
HP[-4] MP[-1]
You take 4 damage, and now have 25/29 hp.
You lost 1 mp, and now have 6/7 mp.
Your transformation is almost over.
MP[+1]
Your mp is fully restored (7).
You hit the gnoll. You drain the gnoll. You grab the gnoll.
You constrict the gnoll. The gnoll hits you with a +0 spear.
The gnoll misses you.
HP[-5]
You take 5 damage, and now have 20/29 hp.
You hit the gnoll. You constrict the gnoll. The gnoll closely misses you.
You barely miss the gnoll.
You pierce the gnoll.
You kill the gnoll!
Your Unarmed Combat skill increases to level 4!
You hit the orc. You drain the orc.
You kill the orc!
You hit the orc. You drain the orc. You grab the orc.
You pierce the orc.
You kill the orc!
The orc shouts!
Items here: ( ))) [ ††.
HP[+1]
Your tentacle spike disappears.
An orc is nearby!
The orc hits you with a +0 dagger.
HP[-3]
You take 3 damage, and now have 18/29 hp.
You closely miss the orc. Your grab misses the orc.
Your squeeze misses the orc. The orc hits you with a +0 dagger.
* * * LOW HITPOINT WARNING * * *
HP[-4]
You take 4 damage, and now have 14/29 hp.
You barely miss the orc. Your grab misses the orc. The orc barely misses you.
You hit the orc. You drain the orc. You grab the orc.
You squeeze the orc, but do no damage. You constrict the orc.
The orc barely misses you.
You hit the orc.
You kill the orc! 2 gnolls come into view.
Items here: ( )))) [ ††.
HP[+1]
The gnoll shouts!
The gnoll hits you with a +0 flail!
* * * LOW HITPOINT WARNING * * *
HP[-11]
You take 11 damage, and now have 4/29 hp.
MASSIVE DAMAGE!! (PAUSE)
You barely miss the gnoll. You grab the gnoll.
You constrict the gnoll, but do no damage.
You hit the gnoll. You drain the gnoll. You constrict the gnoll.
The gnoll misses you.
You hit the gnoll. You drain the gnoll.
You kill the gnoll!
You closely miss the gnoll. You grab the gnoll.
You constrict the gnoll, but do no damage.
The gnoll hits you with a +0 whip.
You die...

Skill      XL: |  1  2  3  4 |
---------------+-------------+-----
Stealth        | 1 2 |  2.6
Fighting       | 2 |  2.1
Unarmed Combat | 4 |  4.1
Dodging        | |  2.7
Spellcasting   | |  2.0
Transmutations | |  2.0

Action                   |  1- 3 |  4- 6 || total
-------------------------+-------+-------++-------
Melee: Unarmed           |    48 |       ||    48
       Constrict         |    21 |     7 ||    28
       Tentacles         |    11 |     4 ||    15
       Kick              |    14 |     6 ||    20
       Punch             |     1 |       ||     1
       Whip              |    12 |    29 ||    41
 Cast: Beastly Appendage |    10 |     5 ||    15
 Stab: Sleeping          |     1 |       ||     1
Armor: Skin              |     4 |     1 ||     5
Dodge: Dodged            |    32 |    10 ||    42

Levels and vault maps discovered:
D:1:      dpeg_arrival_simpleton_c, layout_basic,
          hellmonk_ecumenical_altar_zigzags, grunt_decor_junction
D:2:      layout_basic, minivault_14, minivault_4, minmay_lizard_pond,
          uniq_jessica
D:3:      layout_basic, serial_forest, infiniplex_forest_clump_curved,
          infiniplex_forest_clump_double, infiniplex_forest_diagonal,
          infiniplex_forest_lined_room_2, infiniplex_forest_end_2,
          infiniplex_forest_straight_4, infiniplex_forest_straight_4,
          serial_park_tiny_1, nicolae_wormholes, uniq_grinder

Notes
Turn   | Place    | Note
-------+----------+-------------------------------------------
     0 | D:1      | zeratav the Octopode Transmuter began the quest for the
                  | Orb.
     0 | D:1      | Reached XP level 1. HP: 13/13 MP: 3/3
     0 | D:1      | magus.rc [v1.9.6]
    69 | D:1      | HP: 3/13 [frozen (5)]
    73 | D:1      | Reached XP level 2. HP: 4/18 MP: 3/5
   378 | D:1      | Reached skill level 1 in Stealth
   449 | D:1      | Found a faded altar of an unknown god.
   635 | D:1      | Reached XP level 3. HP: 14/23 MP: 6/6
   982 | D:2      | HP: 4/20 [kobold/+2 whip of draining (7)]
  1241 | D:2      | You pick up a book of Displacement and begin reading...
  1241 | D:2      | You add the spells Lesser Beckoning, Gell's Gravitas and
                  | Teleport Other to your library.
  1377 | D:2      | Noticed Jessica
  1382 | D:2      | Killed Jessica
  1383 | D:2      | Reached skill level 2 in Stealth
  1383 | D:2      | Reached XP level 4. HP: 10/28 MP: 7/7
  2075 | D:2      | Reached skill level 2 in Fighting
  2234 | D:3      | You pick up a book of the Hunter and begin reading...
  2234 | D:3      | You add the spells Call Canine Familiar, Portal Projectile
                  | and Leda's Liquefaction to your library.
  2250 | D:3      | Reached skill level 4 in Unarmed Combat
  2266 | D:3      | HP: 4/29 [gnoll/+0 flail (11)]
  2270 | D:3      | Slain by a gnoll

Vanquished Creatures
  Jessica (D:2)
  2 gnolls (D:3)
  An adder (D:2)
  A worm (D:2)
  2 dart slugs
  3 orcs (D:3)
  3 endoplasms (D:1)
  2 giant cockroaches (D:1)
  4 goblins
  2 hobgoblins (D:1)
  5 kobolds
  3 quokkas
  3 ball pythons (D:1)
  A bat (D:1)
  8 frilled lizards
  A rat (D:1)
42 creatures vanquished.

Vanquished Creatures (others)
  5 plants (D:3)
5 creatures vanquished.

Grand Total: 47 creatures vanquished

Table legend:
 A = Non-vault XP
 B = Vault XP
 C = Vault XP percentage of total XP
 D = Non-vault monster count
 E = Vault monster count
 F = Vault count percentage of total count
                 A         B        C        D         E       F
            +---------+---------+-------+---------+---------+-------
      Total |     108 |      42 |  28.0 |      36 |       6 |  14.3
            +---------+---------+-------+---------+---------+-------
        D:1 |      37 |       0 |   0.0 |      20 |       0 |   0.0
        D:2 |      34 |      42 |  55.3 |      11 |       6 |  35.3
        D:3 |      37 |       0 |   0.0 |       5 |       0 |   0.0
            +---------+---------+-------+---------+---------+-------

Illustrated notes

Table legend:
 A = Kills in this place as a percentage of kills in entire the game.
 B = Kills by you in this place as a percentage of kills by you in the entire game.
 C = Kills by friends in this place as a percentage of kills by friends in the entire game.
 D = Other kills in this place as a percentage of other kills in the entire game.
 E = Experience gained in this place as a percentage of experience gained in the entire game.
 F = Experience gained in this place divided by the number of levels of this place that you have seen.
                   A       B       C       D       E      F
               +-------+-------+-------+-------+-------+----------------------
         Total | 100.0 | 100.0 |   N/A |   N/A | 100.0 |  50.0
       Dungeon | 100.0 | 100.0 |   N/A |   N/A | 100.0 |  50.0
               +-------+-------+-------+-------+-------+----------------------

Table legend: (Time is in decaauts)
 A = Elapsed time spent in this place.
 B = Non-inter-level travel time spent in this place.
 C = Inter-level travel time spent in this place.
 D = Time resting spent in this place.
 E = Time spent auto-exploring this place.
 F = Levels seen in this place.
 G = Mean time per level.
                   A        B        C        D        E       F      G
               +--------+--------+--------+--------+--------+-----+--------+
         Total |   2270 |   2240 |     30 |    234 |   1763 |   3 |  756.7 |
       Dungeon |   2270 |   2240 |     30 |    234 |   1763 |   3 |  756.7 |
               +--------+--------+--------+--------+--------+-----+--------+

Top non-repeatable levels by time:
     D:2: 1269 daAuts
     D:1: 900 daAuts
     D:3: 99 daAuts
